 Dungeon Crawl Stone Soup version 0.21.0 (webtiles) character file.

295320 hairmachine the Slayer (level 20, -35/200 HPs)
             Began as a Minotaur Berserker on Jan 5, 2018.
             Was the Champion of Trog.
             Killed from afar by Sojobo (47 damage)
             ... with a bolt of lightning
             ... on level 2 of the Vaults on Jan 6, 2018.
             The game lasted 03:19:30 (52578 turns).

hairmachine the Slayer (Minotaur Berserker)        Turns: 52578, Time: 03:19:31

Health: -35/200    AC: 26    Str: 38    XL:     20   Next: 5%
Magic:  0/8        EV: 16    Int:  5    God:    Trog [******]
Gold:   3145       SH:  0    Dex: 10    Spells: 19/19 levels left

rFire    + . .     SeeInvis +   R - +3 great mace (antimagic)
rCold    + + .     Gourm    .   (shield currently unavailable)
rNeg     . . .     Faith    .   D - +0 plate armour
rPois    .         Spirit   +   V - +2 hat {SInv}
rElec    .         Reflect  .   X - scarf {rC+ rF+}
rCorr    .         Harm     .   j - +2 pair of gloves {Str+3}
MR       +++..                  G - +2 pair of boots of Hepliaklqana's Delight {rC+}
Stlth    ..........             N - amulet of guardian spirit
HPRegen  1.43/turn              P - +5 ring of strength
MPRegen  0.11/turn              A - +3 ring of slaying

@: very slightly contaminated, regenerating
A: retaliatory headbutt, horns 2
}: 2/15 runes: decaying, serpentine
a: Berserk, Trog's Hand, Brothers in Arms, Burn Spellbooks, Renounce Religion


You were on level 2 of the Vaults.
You worshipped Trog.
Trog was exalted by your worship.
You were not hungry.

You visited 6 branches of the dungeon, and saw 33 of its levels.
You also visited: Sewer and Wizlab.

You collected 3510 gold pieces.
You spent 365 gold pieces at shops.

Inventory:

Hand Weapons
 a - a +8 great mace of freezing
 b - the +8 longbow of Youthful Indiscretion {velocity, rPois Stlth+}
   (Trog gifted it to you on level 15 of the Dungeon)

   Any arrow fired from it inflicts extra damage.
   It protects you from poison.
   It makes you more stealthy.
 R - a +3 antimagic great mace (weapon)
Missiles
 U - 807 arrows
Armour
 i - +1 swamp dragon scales
 j - a +2 pair of gloves of strength (worn)
 D - a +0 plate armour (worn)
 G - the +2 pair of boots of Hepliaklqana's Delight (worn) {rC+}
   (You found it on level 10 of the Dungeon)

   It protects you from cold.
 V - a +2 hat of see invisible (worn)
 X - a scarf of resistance (worn)
Jewellery
 A - a +3 ring of slaying (right hand)
 L - the ring "Cuhif" {Ice MR++}
   (You found it on level 2 of the Lair of Beasts)

   [ring of ice]

   It enhances your ice magic.
   It makes you vulnerable to fire.
   It protects you from cold.
   It affects your resistance to hostile enchantments.
 N - an amulet of guardian spirit (around neck)
 P - a +5 ring of strength (left hand)
Wands
 d - a wand of paralysis (42)
 n - a wand of random effects (29)
 v - a wand of polymorph (9)
 I - a wand of disintegration (34)
 J - a wand of digging (14)
 O - a wand of flame (24)
 T - a wand of acid (5)
 Z - a wand of enslavement (31)
Scrolls
 e - 15 scrolls of teleportation
 m - 7 scrolls of remove curse
 q - 4 scrolls of immolation
 t - 12 scrolls of magic mapping
 u - 9 scrolls of fear
 x - 5 scrolls of fog
 z - 2 scrolls of blinking
 B - 4 scrolls of brand weapon
 C - 2 scrolls of summoning
 M - a scroll of enchant armour
 S - 2 scrolls of identify
Potions
 f - 9 potions of curing
 g - 5 potions of heal wounds
 h - 8 potions of agility
 k - 12 potions of brilliance
 l - 3 potions of mutation
 o - 3 potions of invisibility
 p - 4 potions of might
 r - 2 potions of magic
 s - 3 potions of lignification
 w - 6 potions of haste
 K - a potion of ambrosia
 Q - 9 potions of cancellation
 Y - 4 potions of flight
Miscellaneous
 y - a fan of gales
 E - a phial of floods
 F - a lamp of fire
 H - 3 sacks of spiders
Comestibles
 c - 34 rations


   Skills:
 + Level 21.9 Fighting
 - Level 20.0 Maces & Flails
 + Level 14.7 Bows
 - Level 15.0 Armour
 + Level 16.3 Dodging
 - Level 10.0 Evocations


You had 19 spell levels left.
You didn't know any spells.

Dungeon Overview and Level Annotations

Branches:
Dungeon (15/15)            Temple (0/1) D:4            Lair (6/6) D:10
  Swamp (4/4) Lair:4        Snake (4/4) Lair:3        Slime (0/5) Lair:5
    Orc (2/2) D:9             Elf (0/3) Orc:2        Vaults (2/5) D:14
  Crypt (0/3) Vaults:2     Depths (0/5) D:15

Altars:
Ashenzari
Cheibriados
Dithmenos
Fedhas
Gozag
Kikubaaqudgha
Nemelex Xobeh
Wu Jian
Xom
Yredelemnul
Zin
The Shining One
Beogh

Shops:
D:6 !   Orc:2 [(*:

Annotations:
D:3 exclusion: downstairs
D:6 exclusions: centaur and 2 more exclusions
Lair:4 exclusion: 2 oklob plants
Lair:6 exclusion: oklob plant
Vaults:2 Sojobo


Innate Abilities, Weirdness & Mutations

You reflexively headbutt those who attack you in melee.
You have a pair of horns on your head.


Message History

The air elemental closely misses you.
You feel much better. The air elemental misses you. You furiously retaliate!
You headbutt the air elemental!
You destroy the air elemental!
The air elemental barely misses you. You furiously retaliate!
You headbutt the air elemental!
You destroy the air elemental!
The air elemental hits you but does no damage.
The air elemental hits you!
* * * LOW HITPOINT WARNING * * *
Sojobo points at you and mumbles some strange words.
The bolt of lightning hits you!
* * * LOW HITPOINT WARNING * * *
Blink to where?
Press: ? - help, Dir - move target cursor You are very lightly contaminated with residual magic.
As you read the scroll of blinking, it crumbles to dust.
Sojobo gestures at you while chanting. The bolt of lightning hits you!
You die...

.....# #..#....#..# #..# ##...#
#..#....#..# #..# .#...#
#..##''##..# #..# .#...#
#..........# #..# .#...#
#..........# #..# .#...#
############ #..# .#...# #..#
.#...#######################..#
.#..............@.............#
=#............................#
.#............................#
.#...............##'#####.....#
.#...............#......#.....#
##'####..........#......#.....#
......#..........#...QE.#.....#
..#...#..........#....ยง.#.....#
..#...##'#####...#......# ...#


You could see Sojobo and an air elemental.

Vanquished Creatures
  An ancient lich (WizLab)
  Margery (Vaults:2)
  Saint Roka (Vaults:2)
  Nikola (Snake:3)
  A tentacled monstrosity (Swamp:2)
  Asterion (Snake:3)
  A sphinx (Vaults:2)
  Kirke (Lair:6)
  An ancient champion (WizLab)
  A thorn hunter (Swamp:3)
  2 tengu reavers (Vaults:2)
  Donald (Swamp:1)
  10 nagarajas
  Roxanne (Swamp:1)
  2 deep elf sorcerers (Vaults:1)
  3 vault wardens
  Aizul (Snake:2)
  3 ironheart preservers
  A stone giant (Orc:2)
  Nessos (D:14)
  A dire elephant (Lair:6)
  A vampire knight (Vaults:2)
  Azrael (Snake:3)
  3 deep elf annihilators (Vaults:1)
  3 ettins (Orc:2)
  2 fire dragons
  An ice dragon (D:15)
  3 yaktaur captains
  2 vault guards
  15 naga warriors
  A ghost crab (Swamp:3)
  2 death knights (D:15)
  35 hydras
  5 anacondas
  4 centaur warriors
  A merfolk avatar (Lair:6)
  17 alligators
  2 death yaks (Lair:6)
  13 two-headed ogres
  A tengu warrior (D:13)
  11 naga sharpshooters
  2 ogre magi (Vaults:1)
  2 spriggan berserkers (Swamp:4)
  An orc high priest (Orc:1)
  6 shock serpents
  3 deep elf knights
  2 hell knights
  Urug (Lair:5)
  The ghost of RexLacerta the Cutter, a novice DrAr of Nemelex Xobeh (D:11)
  A fire crab (shapeshifter) (Vaults:2)
  The ghost of Nattefrost the Spear-Bearer, a novice MfHu of Zin (D:8)
  2 salamander mystics
  10 skeletal warriors
  9 sea snakes
  18 swamp dragons
  4 unseen horrors
  A death drake (shapeshifter) (D:15)
  2 glowing orange brains (Vaults:1)
  A wizard (D:13)
  8 naga ritualists
  5 deep elf archers
  2 shambling mangroves
  A phantasmal warrior (D:15)
  2 necromancers (Vaults:2)
  2 ironbrand convokers
  10 orc knights
  15 mana vipers
  29 ugly things
  3 oklob plants
  9 salamanders
  14 deep elf magi
  14 cyclopes
  3 manticores
  8 guardian serpents
  8 elephants
  4 centaur zombies
  5 vault sentinels (Vaults:1)
  16 naga magi
  2 molten gargoyles (Lair:5)
  44 black mambas
  A torpor snail (Lair:6)
  24 spiny frogs
  2 gargoyles
  12 yaktaurs
  6 komodo dragons
  5 rime drakes
  4 freezing wraiths
  9 trolls
  A queen bee (D:9)
  A tengu conjurer (D:13)
  8 tyrant leeches
  8 polar bears
  12 hornets
  15 hippogriffs
  A meliai (shapeshifter) (D:14)
  5 dream sheep
  18 blink frogs
  13 slime creatures
  13 bog bodies
  A spriggan (Swamp:4)
  A wraith (Vaults:1)
  5 wyverns
  3 shadows
  7 vampires
  46 yaks
  3 hogs (Lair:6)
  16 humans
  A golden eye (shapeshifter) (Vaults:1)
  31 vampire mosquitoes
  2 basilisks
  30 swamp worms
  3 wargs
  Edmund (D:6)
  A soldier ant (D:13)
  A two-headed ogre zombie (WizLab)
  60 nagas
  2 acid dragons
  15 water moccasins
  10 porcupines
  2 hell hounds (Snake:3)
  4 phantoms
  5 sky beasts
  A black bear (shapeshifter) (D:15)
  36 orc warriors
  10 swamp drakes
  An eye of draining (D:13)
  3 black bears
  11 ice beasts
  3 boggarts (Vaults:1)
  16 ogres
  19 centaurs
  12 crocodiles
  9 wolves
  5 big kobolds
  16 bullfrogs
  A wyvern zombie (D:9)
  A wyvern skeleton (D:9)
  A hornet simulacrum (D:15)
  A scorpion (D:6)
  9 troll zombies (WizLab)
  25 killer bees
  6 electric eels
  16 wights
  4 howler monkeys
  5 lava snakes (Lair:5)
  9 crimson imps
  12 hounds
  3 jellies
  9 orc priests
  4 bullfrog skeletons
  5 centaur skeletons
  Jessica (D:3)
  6 iguanas
  9 orc wizards
  20 worker ants
  Terence (D:2)
  4 ogre zombies (WizLab)
  A hound zombie (D:9)
  A hound skeleton (D:6)
  2 howler monkey zombies
  Robin (D:2)
  4 gnolls (D:4)
  13 adders
  3 river rats
  6 shadow imps
  An ooze (Sewer)
  2 adder zombies
  3 adder skeletons
  6 worms
  A dart slug (D:3)
  11 leopard geckos
  100 orcs
  6 giant cockroaches
  14 goblins
  16 hobgoblins
  4 jackals (D:5)
  A ball python (Sewer)
  9 bats
  4 frilled lizards
  8 kobolds
  A quokka skeleton (D:5)
  11 rats
  A fungus (Orc:2)
1362 creatures vanquished.

Vanquished Creatures (collateral kills)
  An anaconda (Snake:3)
  A skeletal warrior (D:15)
  A phantasmal warrior (D:15)
  A mana viper (Snake:3)
  A salamander (Snake:3)
  2 guardian serpents
  An elephant (Lair:6)
  A black mamba (Snake:3)
  A freezing wraith (D:15)
  2 polar bears (Lair:6)
  A yak (Lair:6)
  A basilisk (Lair:6)
  2 fire elementals (Snake:3)
  A wraith (D:15)
  4 hell hounds (Snake:3)
21 creatures vanquished.

Vanquished Creatures (others)
  An orc knight (Orc:1)
  2 slime creatures (Swamp:3)
  A vault sentinel (Vaults:2)
  A naga mage (Snake:4)
  A hornet (Swamp:1)
  2 humans (Lair:6)
  9 fungi
  9 plants
26 creatures vanquished.

Grand Total: 1409 creatures vanquished

Notes
Turn   | Place    | Note
-------+----------+-------------------------------------------
     0 | D:1      | hairmachine the Minotaur Berserker began the quest for the Orb.
     0 | D:1      | Reached XP level 1. HP: 19/19 MP: 0/0
   251 | D:1      | Reached XP level 2. HP: 21/27 MP: 1/1
   822 | D:1      | Reached ** piety under Trog
   877 | D:2      | Reached XP level 3. HP: 33/33 MP: 2/2
   880 | D:2      | Noticed Robin
  1036 | D:2      | Reached skill level 5 in Maces & Flails
  1113 | D:2      | Found a shattered altar of Ashenzari.
  1303 | D:2      | Noticed a sky beast
  1314 | D:2      | Killed a sky beast
  1314 | D:2      | Reached XP level 4. HP: 11/40 MP: 3/3
  1314 | D:2      | Reached XP level 5. HP: 13/46 MP: 4/4
  1620 | D:2      | Noticed Terence
  1637 | D:2      | Killed Terence
  1645 | D:2      | Killed Robin
  1699 | D:2      | Found a basalt altar of Yredelemnul.
  1720 | D:2      | Found an ancient bone altar of Kikubaaqudgha.
  1721 | D:2      | Found a glowing silver altar of Zin.
  1753 | D:2      | Found a blossoming altar of Fedhas.
  2095 | D:3      | Reached XP level 6. HP: 46/52 MP: 5/5
  2512 | D:3      | Found a glowing golden altar of the Shining One.
  2519 | D:3      | Found an ornate altar of the Wu Jian Council.
  2769 | D:3      | Noticed Jessica
  2778 | D:3      | Killed Jessica
  2918 | D:4      | Reached *** piety under Trog
  2997 | D:4      | Found a staircase to the Ecumenical Temple.
  3072 | D:4      | Reached XP level 7. HP: 58/58 MP: 6/6
  3113 | D:4      | Reached skill level 10 in Maces & Flails
  3499 | D:4      | Found a glowing drain.
  3514 | Sewer    | Entered a sewer
  3785 | Sewer    | Reached XP level 8. HP: 42/66 MP: 7/7
  4182 | D:5      | Entered Level 5 of the Dungeon
  4264 | D:5      | Reached **** piety under Trog
  4985 | D:6      | Noticed Edmund
  5000 | D:6      | Killed Edmund
  5039 | D:6      | Reached skill level 4 in Fighting
  5486 | D:6      | Found a sparkling altar of Nemelex Xobeh.
  5593 | D:6      | Reached XP level 9. HP: 65/72 MP: 8/8
  5811 | D:6      | Found Fueg's Distillery.
  5819 | D:6      | Bought a potion of invisibility for 80 gold pieces
  5819 | D:6      | Bought a potion of cancellation for 80 gold pieces
  5819 | D:6      | Bought a potion of might for 40 gold pieces
  6549 | D:7      | Reached skill level 5 in Fighting
  6796 | D:7      | Reached ***** piety under Trog
  6799 | D:7      | Reached skill level 5 in Armour
  6858 | D:7      | Reached skill level 6 in Fighting
  6862 | D:7      | Received a gift from Trog
  7607 | D:8      | Found a roughly hewn altar of Beogh.
  7888 | D:8      | Noticed Nattefrost's ghost (novice MfHu)
  7901 | D:8      | Killed Nattefrost's ghost
  7901 | D:8      | Reached skill level 7 in Fighting
  7901 | D:8      | Reached XP level 10. HP: 86/86 MP: 9/9
  8031 | D:9      | Reached skill level 15 in Maces & Flails
  8051 | D:9      | Noticed a two-headed ogre
  8059 | D:9      | Killed a two-headed ogre
  8540 | D:9      | Reached skill level 8 in Fighting
  8765 | D:9      | Found a staircase to the Orcish Mines.
  9015 | D:9      | Found a sparkling altar of Nemelex Xobeh.
  9033 | D:9      | Found a basalt altar of Yredelemnul.
  9432 | D:10     | Entered Level 10 of the Dungeon
  9432 | D:10     | Found a shadowy altar of Dithmenos.
  9514 | D:10     | Reached XP level 11. HP: 85/95 MP: 10/10
  9673 | D:10     | Reached skill level 9 in Fighting
  9745 | D:10     | Got a pair of ancient boots
  9746 | D:10     | Identified the +2 pair of boots of Hepliaklqana's Delight {rC+} (You found it on level 10 of the Dungeon)
  9858 | D:10     | Reached skill level 1 in Evocations
 10200 | D:10     | Found a staircase to the Lair.
 10419 | Lair:1   | Entered Level 1 of the Lair of Beasts
 10425 | Lair:1   | Received a gift from Trog
 11035 | Lair:1   | Reached skill level 10 in Fighting
 12095 | Lair:2   | Reached skill level 10 in Armour
 12309 | Lair:2   | Got a steaming golden ring
 12517 | Lair:2   | Identified the ring "Cuhif" {Ice MR++} (You found it on level 2 of the Lair of Beasts)
 12635 | Lair:2   | Reached skill level 11 in Fighting
 12644 | Lair:2   | Reached XP level 12. HP: 98/110 MP: 12/14
 12834 | Lair:2   | Reached skill level 5 in Evocations
 13443 | Lair:3   | Noticed a six-headed hydra
 13449 | Lair:3   | Killed a six-headed hydra
 13764 | Lair:3   | Noticed a four-headed hydra
 13769 | Lair:3   | Killed a four-headed hydra
 13886 | Lair:3   | Reached skill level 5 in Dodging
 13920 | Lair:3   | Got a bloodstained fustibalus
 13922 | Lair:3   | Identified the cursed +1 fustibalus of Wogiem {flame, rPois Stlth+} (You found it on level 3 of the Lair of Beasts)
 14037 | Lair:3   | Found a staircase to the Snake Pit.
 14047 | Lair:3   | Reached skill level 12 in Fighting
 14535 | Lair:4   | Received a gift from Trog
 15495 | Lair:4   | Found a staircase to the Swamp.
 16049 | Lair:4   | Reached XP level 13. HP: 110/119 MP: 13/16
 16765 | Lair:5   | Reached skill level 13 in Fighting
 16865 | Lair:5   | Noticed Urug
 16904 | Lair:5   | Killed Urug
 16939 | Lair:5   | Found a staircase to the Slime Pits.
 17772 | Lair:6   | Entered Level 6 of the Lair of Beasts
 17826 | Lair:6   | Received a gift from Trog
 18136 | Lair:6   | Noticed a dire elephant
 18672 | Lair:6   | Reached skill level 14 in Fighting
 19143 | Lair:6   | Noticed Kirke
 19275 | Lair:6   | Killed Kirke
 19297 | Lair:6   | Reached XP level 14. HP: 97/133 MP: 18/18
 20264 | Lair:6   | Reached skill level 15 in Fighting
 21037 | D:11     | Noticed RexLacerta's ghost (novice DrAr)
 21118 | D:11     | Killed RexLacerta's ghost
 21285 | D:11     | Received a gift from Trog
 22865 | D:13     | Found a shimmering altar of Xom.
 22929 | D:13     | Reached skill level 10 in Dodging
 23539 | D:13     | Reached skill level 16 in Fighting
 24135 | Orc:1    | Entered Level 1 of the Orcish Mines
 24379 | Orc:1    | Found a roughly hewn altar of Beogh.
 24554 | Orc:1    | Found a roughly hewn altar of Beogh.
 25695 | Orc:2    | Entered Level 2 of the Orcish Mines
 25818 | Orc:2    | Received a gift from Trog
 26018 | Orc:2    | Found Sausiy's General Store.
 26083 | Orc:2    | Reached XP level 15. HP: 145/145 MP: 20/20
 26116 | Orc:2    | Found Mehesin's Book Emporium.
 26258 | Orc:2    | Found Xianeal's Antique Armour Shop.
 26422 | Orc:2    | Bought a pair of runed gloves for 165 gold pieces
 26473 | Orc:2    | Found a staircase to the Elven Halls.
 26932 | Orc:2    | Found Jaubroxo's Antique Weapon Shop.
 26949 | Orc:2    | Reached skill level 15 in Armour
 27508 | D:14     | Reached skill level 17 in Fighting
 27586 | D:14     | Noticed Nessos
 27590 | D:14     | Killed Nessos
 28152 | D:14     | Found a gate to the Vaults.
 28181 | D:14     | Reached skill level 1 in Bows
 28915 | D:15     | Entered Level 15 of the Dungeon
 29852 | D:15     | Received a gift from Trog
 30096 | D:15     | Reached skill level 10 in Evocations
 30323 | D:15     | Reached skill level 5 in Bows
 30654 | D:15     | Found a staircase to the Depths.
 31261 | D:15     | Got a warped longbow {god gift}
 31262 | D:15     | Identified the +8 longbow of Youthful Indiscretion {velocity, rPois Stlth+} (Trog gifted it to you on level 15 of the Dungeon)
 31458 | Swamp:1  | Entered Level 1 of the Swamp
 31532 | Swamp:1  | Reached skill level 18 in Fighting
 31668 | Swamp:1  | Reached XP level 16. HP: 139/157 MP: 20/22
 31716 | Swamp:1  | Received a gift from Trog
 32010 | Swamp:1  | Noticed Roxanne
 32018 | Swamp:1  | Killed Roxanne
 32019 | Swamp:1  | Identified Roxanne's Compendium of Transmigration (You took it off Roxanne on level 1 of the Swamp)
 32355 | Swamp:1  | Noticed Donald
 32364 | Swamp:1  | Killed Donald
 33007 | Swamp:2  | Noticed a tentacled monstrosity
 33050 | Swamp:2  | Killed a tentacled monstrosity
 34207 | Swamp:3  | Noticed a thorn hunter
 34214 | Swamp:3  | Killed a thorn hunter
 34926 | Swamp:3  | Received a gift from Trog
 35259 | Swamp:3  | Reached ****** piety under Trog
 36200 | Swamp:4  | Entered Level 4 of the Swamp
 36597 | Swamp:4  | Received a gift from Trog
 36766 | Swamp:4  | Reached skill level 19 in Fighting
 36787 | Swamp:4  | Reached XP level 17. HP: 124/168 MP: 17/23
 36954 | Swamp:4  | Received a gift from Trog
 38005 | Swamp:4  | Got a decaying rune of Zot
 38279 | Snake:1  | Entered Level 1 of the Snake Pit
 38867 | Snake:1  | Received a gift from Trog
 39053 | Snake:1  | Reached skill level 10 in Bows
 40145 | Snake:2  | Noticed Aizul
 40154 | Snake:2  | Killed Aizul
 40912 | Snake:2  | Received a gift from Trog
 41120 | Snake:3  | Noticed Asterion
 41132 | Snake:3  | Killed Asterion
 41325 | Snake:3  | Found a snail-covered altar of Cheibriados.
 41355 | Snake:3  | Noticed Azrael
 41370 | Snake:3  | Killed Azrael
 41425 | Snake:3  | Noticed Nikola
 41431 | Snake:3  | Killed Nikola
 41431 | Snake:3  | Reached XP level 18. HP: 178/178 MP: 10/24
 41735 | Snake:3  | Found a sparkling altar of Nemelex Xobeh.
 41738 | Snake:3  | Received a gift from Trog
 41786 | Snake:3  | Reached skill level 20 in Fighting
 42095 | Snake:3  | Received a gift from Trog
 42707 | Snake:4  | Entered Level 4 of the Snake Pit
 42924 | Snake:4  | Received a gift from Trog
 44297 | Snake:4  | Received a gift from Trog
 44956 | Snake:4  | Received a gift from Trog
 45682 | Snake:4  | Got a serpentine rune of Zot
 45948 | Vaults:1 | Entered Level 1 of the Vaults
 46313 | Vaults:1 | Received a gift from Trog
 46484 | Vaults:1 | Found a magical portal.
 46493 | WizLab   | Entered Zonguldrok's Shrine
 46682 | WizLab   | Reached XP level 19. HP: 128/188 MP: 16/25
 47073 | WizLab   | Noticed an antique lich
 47085 | WizLab   | Killed an antique lich
 47140 | WizLab   | Received a gift from Trog
 47220 | WizLab   | Found the +9 sword of Zonguldrok {reap}
 47311 | Vaults:1 | Reached skill level 21 in Fighting
 47323 | Vaults:1 | Reached skill level 15 in Dodging
 47400 | Vaults:1 | Identified 2 scrolls of acquirement
 47403 | Vaults:1 | Got a bloodstained chain mail
 47467 | Vaults:1 | Identified the +2 chain mail of Inference {rF- MR+ Str+6} (You acquired it on level 1 of the Vaults)
 47556 | Vaults:1 | Received a gift from Trog
 48071 | Vaults:1 | Received a gift from Trog
 48598 | Vaults:1 | Received a gift from Trog
 49745 | Vaults:2 | Found a staircase to the Crypt.
 49781 | Vaults:2 | Found an opulent altar of Gozag.
 49947 | Vaults:2 | Noticed Saint Roka
 49956 | Vaults:2 | Killed Saint Roka
 50908 | Vaults:2 | Received a gift from Trog
 51427 | Vaults:2 | Noticed Margery
 51756 | Vaults:2 | Killed Margery
 52375 | Vaults:2 | Reached XP level 20. HP: 179/200 MP: 23/26
 52400 | Vaults:2 | Noticed Sojobo
 52577 | Vaults:2 | HP: 10/200 [Sojobo/bolt of lightning (45)]
 52578 | Vaults:2 | Killed from afar by Sojobo

Skill      XL: |  1  2  3  4  5  6  7  8  9 10 11 12 13 14 15 16 17 18 19 |
---------------+----------------------------------------------------------+-----
Maces & Flails | 4 6 8 9 11 13 14 16 17 18 19 20 | 20.0
Fighting       | 4 7 8 11 12 14 16 18 19 20 21 | 21.9
Armour         | 3 6 8 10 12 13 14 15 | 15.0
Evocations     | 4 6 7 8 10 | 10.0
Dodging        | 6 9 10 11 13 14 16 | 16.3
Bows           | 5 9 11 12 14 | 14.7

Action                   |  1- 3 |  4- 6 |  7- 9 | 10-12 | 13-15 | 16-18 | 19-21 || total
-------------------------+-------+-------+-------+-------+-------+-------+-------++-------
Melee: Mace              |    78 |   102 |       |       |       |       |       ||   180
       Headbutt          |    10 |    14 |    58 |   135 |   358 |   170 |    72 ||   817
       Morningstar       |       |    15 |   223 |       |       |       |       ||   238
       Dire flail        |       |       |   155 |   657 |  1103 |       |       ||  1915
       Great mace        |       |       |       |       |   221 |   682 |   299 ||  1202
 Fire: Fustibalus        |       |       |       |       |     2 |       |       ||     2
       Longbow           |       |       |       |       |    32 |   592 |   149 ||   773
Throw: Throwing net      |       |       |       |       |       |     2 |       ||     2
Invok: Berserk           |     2 |     5 |    10 |     3 |     8 |     4 |     1 ||    33
       Trog's Hand       |       |       |     1 |     2 |    10 |     4 |     3 ||    20
       Burn Spellbooks   |       |       |     1 |       |       |     6 |     2 ||     9
       Brothers in Arms  |       |       |       |       |     3 |     3 |       ||     6
Evoke: Wand              |       |       |       |     8 |    29 |    16 |     3 ||    56
       Phial of floods   |       |       |       |       |       |       |     1 ||     1
  Use: Scroll            |       |     2 |     8 |     6 |    11 |    17 |    14 ||    58
       Potion            |       |       |       |     1 |     2 |     2 |     4 ||     9
 Stab: Distracted        |       |       |       |       |     1 |       |       ||     1
       Paralysed         |       |       |       |       |     2 |     2 |       ||     4
  Eat: Chunk             |     3 |    10 |    22 |    23 |    54 |     9 |    11 ||   132
       Ration            |       |       |     1 |     2 |     3 |    13 |     3 ||    22
Armor: Animal skin       |    12 |       |       |       |       |       |       ||    12
       Scale mail        |    10 |    38 |       |       |       |       |       ||    48
       Chain mail        |       |    22 |   136 |       |       |       |       ||   158
       Plate armour      |       |       |    31 |   311 |   606 |    31 |   131 ||  1110
       Swamp dragon scal |       |       |       |       |     3 |   326 |       ||   329
Dodge: Dodged            |    46 |    73 |   166 |   207 |   560 |   629 |   203 ||  1884
